Workbook

Sheet Global raw data
A1: Industry Group | B1: count | C1: sum(Trailing Revenues) | D1: sum(Trailing Gross Profit) | E1: sum(Trailing EBITDA (adj for leases)) | F1: sum(Trailing Operating Income (adj for leases)) | G1: sum(Trailing Net Income) | H1: q1(Gross Margin) | I1: median(Gross Margin) | J1: q3(Gross Margin) | K1: q1(Pre-tax Operating Margin) | L1: median(Pre-tax Operating Margin) | M1: q3(Pre-tax Operating Margin) | N1: q1(Net Profit Margin) | O1: median(Net Profit Margin) | P1: q3(Net Profit Margin)
A2: Advertising | B2: 419 | C2: 181644.93 | D2: 63252.789 | E2: 22184.128 | F2: 15584.453 | G2: 2518.206 | H2: 0.17189349 | I2: 0.34285714 | J2: 0.56932153 | K2: -0.06551619 | L2: 0.036951501 | M2: 0.097777666 | N2: -0.11588235 | O2: 0.01223301 | P2: 0.064757282
A3: Aerospace/Defense | B3: 319 | C3: 946175.37 | D3: 199288.92 | E3: 119975.67 | F3: 87074.67 | G3: 62961.026 | H3: 0.18202349 | I3: 0.28317757 | J3: 0.45646067 | K3: -0.028982843 | L3: 0.071171171 | M3: 0.143 | N3: -0.047475642 | O3: 0.046052632 | P3: 0.11624964
A4: Air Transport | B4: 150 | C4: 821542.73 | D4: 203589.62 | E4: 122565.85 | F4: 66390.509 | G4: 40309.812 | H4: 0.16246599 | I4: 0.27688817 | J4: 0.35114401 | K4: 0.01688127 | L4: 0.089610475 | M4: 0.17780674 | N4: -0.0045187437 | O4: 0.056434066 | P4: 0.11900533
A5: Apparel | B5: 1207 | C5: 743593.54 | D5: 347539.55 | E5: 117653.1 | F5: 94409.057 | G5: 51337.078 | H5: 0.11132333 | I5: 0.24121406 | J5: 0.45240964 | K5: -0.016271552 | L5: 0.03966725 | M5: 0.086104438 | N5: -0.022614274 | O5: 0.022278912 | P5: 0.064274237
A6: Auto & Truck | B6: 165 | C6: 2684738.1 | D6: 435299.88 | E6: 214571.08 | F6: 116214.1 | G6: 82589.064 | H6: 0.081869801 | I6: 0.1795169 | J6: 0.26409496 | K6: -0.22283516 | L6: 0.018811881 | M6: 0.067819551 | N6: -0.1989135 | O6: 0.012659549 | P6: 0.057500002
A7: Auto Parts | B7: 797 | C7: 1037679.4 | D7: 187551.48 | E7: 101149.63 | F7: 56738.021 | G7: 30076.43 | H7: 0.1318666 | I7: 0.19197168 | J7: 0.30679157 | K7: 0.020165394 | L7: 0.050746797 | M7: 0.090620015 | N7: 0.0085593021 | O7: 0.036952191 | P7: 0.079854495
A8: Bank (Money Center) | B8: 604 | C8: 2934553.2 | D8: 2923228.1 | E8: 19093.367 | F8: 11633.685 | G8: 1024724.1 | H8: 0.99650757 | I8: 1 | J8: 1 | K8: 0 | L8: 0 | M8: 0 | N8: 0.2337977 | O8: 0.32818276 | P8: 0.42155689
A9: Banks (Regional) | B9: 825 | C9: 353282.73 | D9: 351950.61 | E9: 2747.901 | F9: -163.34448 | G9: 107080.13 | H9: 1 | I9: 1 | J9: 1 | K9: -0.00010768468 | L9: 0 | M9: 0.00091216257 | N9: 0.16447368 | O9: 0.24601488 | P9: 0.31826087
A10: Beverage (Alcoholic) | B10: 217 | C10: 410798.69 | D10: 209321.34 | E10: 110736.19 | F10: 92351.422 | G10: 51180.175 | H10: 0.32168675 | I10: 0.42643392 | J10: 0.57159287 | K10: 0.01687529 | L10: 0.097674419 | M10: 0.16863588 | N10: 0.0045964126 | O10: 0.066410912 | P10: 0.12923077
A11: Beverage (Soft) | B11: 94 | C11: 287197.89 | D11: 142527.34 | E11: 61984.851 | F11: 50809.474 | G11: 32930.362 | H11: 0.33116769 | I11: 0.40387481 | J11: 0.52399097 | K11: 0.0095238095 | L11: 0.095829992 | M11: 0.15529945 | N11: -0.0076977401 | O11: 0.072173216 | P11: 0.11357295
A12: Broadcasting | B12: 127 | C12: 139970.22 | D12: 50017.883 | E12: 20256.736 | F12: 13960.739 | G12: 4795.423 | H12: 0.19600726 | I12: 0.33002121 | J12: 0.44665561 | K12: -0.056 | L12: 0.059143969 | M12: 0.11553857 | N12: -0.10360477 | O12: 0.022787879 | P12: 0.091428571
A13: Brokerage & Investment Banking | B13: 623 | C13: 672333.88 | D13: 370353.91 | E13: 9745.061 | F13: 6019.6126 | G13: 102467.44 | H13: 0.54960838 | I13: 0.88127295 | J13: 0.98224852 | K13: 0 | L13: 0 | M13: 0.00025443717 | N13: 0.0046303302 | O13: 0.15145503 | P13: 0.31156463
... A96: All firms | B96: 48156 | C96: 72411698 | D96: 24534999 | E96: 11016600 | F96: 7637533.5 | G96: 6147349.4 | H96: 0.16906475 | I96: 0.3188714 | J96: 0.5609373 | K96: -0.011494253 | L96: 0.046722365 | M96: 0.12907369 | N96: -0.032713178 | O96: 0.03968254 | P96: 0.11926606

Sheet Margins
A1: Global firms (in $ millions)
C2: Aggregate Values | F2: Gross Margin | I2: Operating Margin | L2: Net Profit Margin
A3: Industry Group | B3: # firms | C3: Gross Margin | D3: Operating Margin | E3: Net Margin | F3: First Quartile | G3: Median | H3: Third Quartile | I3: First Quartile | J3: Median | K3: Third Quartile | L3: First Quartile | M3: Median | N3: Third Quartile
A4: ='Global raw data'!A2 -> Advertising | B4: ='Global raw data'!B2 -> 419 | C4: ='Global raw data'!D2/'Global raw data'!C2 -> 0.34822215 | D4: ='Global raw data'!F2/'Global raw data'!C2 -> 0.085796241 | E4: ='Global raw data'!G2/'Global raw data'!C2 -> 0.013863343 | F4: ='Global raw data'!H2 -> 0.17189349 | G4: ='Global raw data'!I2 -> 0.34285714 | H4: ='Global raw data'!J2 -> 0.56932153 | I4: ='Global raw data'!K2 -> -0.06551619 | J4: ='Global raw data'!L2 -> 0.036951501 | K4: ='Global raw data'!M2 -> 0.097777666 | L4: ='Global raw data'!N2 -> -0.11588235 | M4: ='Global raw data'!O2 -> 0.01223301 | N4: ='Global raw data'!P2 -> 0.064757282
A5: ='Global raw data'!A3 -> Aerospace/Defense | B5: ='Global raw data'!B3 -> 319 | C5: ='Global raw data'!D3/'Global raw data'!C3 -> 0.21062577 | D5: ='Global raw data'!F3/'Global raw data'!C3 -> 0.092028046 | E5: ='Global raw data'!G3/'Global raw data'!C3 -> 0.06654266 | F5: ='Global raw data'!H3 -> 0.18202349 | G5: ='Global raw data'!I3 -> 0.28317757 | H5: ='Global raw data'!J3 -> 0.45646067 | I5: ='Global raw data'!K3 -> -0.028982843 | J5: ='Global raw data'!L3 -> 0.071171171 | K5: ='Global raw data'!M3 -> 0.143 | L5: ='Global raw data'!N3 -> -0.047475642 | M5: ='Global raw data'!O3 -> 0.046052632 | N5: ='Global raw data'!P3 -> 0.11624964
A6: ='Global raw data'!A4 -> Air Transport | B6: ='Global raw data'!B4 -> 150 | C6: ='Global raw data'!D4/'Global raw data'!C4 -> 0.24781379 | D6: ='Global raw data'!F4/'Global raw data'!C4 -> 0.080811997 | E6: ='Global raw data'!G4/'Global raw data'!C4 -> 0.049065996 | F6: ='Global raw data'!H4 -> 0.16246599 | G6: ='Global raw data'!I4 -> 0.27688817 | H6: ='Global raw data'!J4 -> 0.35114401 | I6: ='Global raw data'!K4 -> 0.01688127 | J6: ='Global raw data'!L4 -> 0.089610475 | K6: ='Global raw data'!M4 -> 0.17780674 | L6: ='Global raw data'!N4 -> -0.0045187437 | M6: ='Global raw data'!O4 -> 0.056434066 | N6: ='Global raw data'!P4 -> 0.11900533
A7: ='Global raw data'!A5 -> Apparel | B7: ='Global raw data'!B5 -> 1207 | C7: ='Global raw data'!D5/'Global raw data'!C5 -> 0.46737839 | D7: ='Global raw data'!F5/'Global raw data'!C5 -> 0.12696326 | E7: ='Global raw data'!G5/'Global raw data'!C5 -> 0.069039166 | F7: ='Global raw data'!H5 -> 0.11132333 | G7: ='Global raw data'!I5 -> 0.24121406 | H7: ='Global raw data'!J5 -> 0.45240964 | I7: ='Global raw data'!K5 -> -0.016271552 | J7: ='Global raw data'!L5 -> 0.03966725 | K7: ='Global raw data'!M5 -> 0.086104438 | L7: ='Global raw data'!N5 -> -0.022614274 | M7: ='Global raw data'!O5 -> 0.022278912 | N7: ='Global raw data'!P5 -> 0.064274237
A8: ='Global raw data'!A6 -> Auto & Truck | B8: ='Global raw data'!B6 -> 165 | C8: ='Global raw data'!D6/'Global raw data'!C6 -> 0.16213868 | D8: ='Global raw data'!F6/'Global raw data'!C6 -> 0.043286941 | E8: ='Global raw data'!G6/'Global raw data'!C6 -> 0.030762429 | F8: ='Global raw data'!H6 -> 0.081869801 | G8: ='Global raw data'!I6 -> 0.1795169 | H8: ='Global raw data'!J6 -> 0.26409496 | I8: ='Global raw data'!K6 -> -0.22283516 | J8: ='Global raw data'!L6 -> 0.018811881 | K8: ='Global raw data'!M6 -> 0.067819551 | L8: ='Global raw data'!N6 -> -0.1989135 | M8: ='Global raw data'!O6 -> 0.012659549 | N8: ='Global raw data'!P6 -> 0.057500002
A9: ='Global raw data'!A7 -> Auto Parts | B9: ='Global raw data'!B7 -> 797 | C9: ='Global raw data'!D7/'Global raw data'!C7 -> 0.18074126 | D9: ='Global raw data'!F7/'Global raw data'!C7 -> 0.054677795 | E9: ='Global raw data'!G7/'Global raw data'!C7 -> 0.028984319 | F9: ='Global raw data'!H7 -> 0.1318666 | G9: ='Global raw data'!I7 -> 0.19197168 | H9: ='Global raw data'!J7 -> 0.30679157 | I9: ='Global raw data'!K7 -> 0.020165394 | J9: ='Global raw data'!L7 -> 0.050746797 | K9: ='Global raw data'!M7 -> 0.090620015 | L9: ='Global raw data'!N7 -> 0.0085593021 | M9: ='Global raw data'!O7 -> 0.036952191 | N9: ='Global raw data'!P7 -> 0.079854495
A10: ='Global raw data'!A8 -> Bank (Money Center) | B10: ='Global raw data'!B8 -> 604 | C10: ='Global raw data'!D8/'Global raw data'!C8 -> 0.99614079 | D10: ='Global raw data'!F8/'Global raw data'!C8 -> 0.0039643802 | E10: ='Global raw data'!G8/'Global raw data'!C8 -> 0.34919253 | F10: ='Global raw data'!H8 -> 0.99650757 | G10: ='Global raw data'!I8 -> 1 | H10: ='Global raw data'!J8 -> 1 | I10: ='Global raw data'!K8 -> 0 | J10: ='Global raw data'!L8 -> 0 | K10: ='Global raw data'!M8 -> 0 | L10: ='Global raw data'!N8 -> 0.2337977 | M10: ='Global raw data'!O8 -> 0.32818276 | N10: ='Global raw data'!P8 -> 0.42155689
A11: ='Global raw data'!A9 -> Banks (Regional) | B11: ='Global raw data'!B9 -> 825 | C11: ='Global raw data'!D9/'Global raw data'!C9 -> 0.99622931 | D11: ='Global raw data'!F9/'Global raw data'!C9 -> -0.00046236191 | E11: ='Global raw data'!G9/'Global raw data'!C9 -> 0.3031004 | F11: ='Global raw data'!H9 -> 1 | G11: ='Global raw data'!I9 -> 1 | H11: ='Global raw data'!J9 -> 1 | I11: ='Global raw data'!K9 -> -0.00010768468 | J11: ='Global raw data'!L9 -> 0 | K11: ='Global raw data'!M9 -> 0.00091216257 | L11: ='Global raw data'!N9 -> 0.16447368 | M11: ='Global raw data'!O9 -> 0.24601488 | N11: ='Global raw data'!P9 -> 0.31826087
A12: ='Global raw data'!A10 -> Beverage (Alcoholic) | B12: ='Global raw data'!B10 -> 217 | C12: ='Global raw data'!D10/'Global raw data'!C10 -> 0.50954725 | D12: ='Global raw data'!F10/'Global raw data'!C10 -> 0.22480944 | E12: ='Global raw data'!G10/'Global raw data'!C10 -> 0.124587 | F12: ='Global raw data'!H10 -> 0.32168675 | G12: ='Global raw data'!I10 -> 0.42643392 | H12: ='Global raw data'!J10 -> 0.57159287 | I12: ='Global raw data'!K10 -> 0.01687529 | J12: ='Global raw data'!L10 -> 0.097674419 | K12: ='Global raw data'!M10 -> 0.16863588 | L12: ='Global raw data'!N10 -> 0.0045964126 | M12: ='Global raw data'!O10 -> 0.066410912 | N12: ='Global raw data'!P10 -> 0.12923077
A13: ='Global raw data'!A11 -> Beverage (Soft) | B13: ='Global raw data'!B11 -> 94 | C13: ='Global raw data'!D11/'Global raw data'!C11 -> 0.49626875 | D13: ='Global raw data'!F11/'Global raw data'!C11 -> 0.17691451 | E13: ='Global raw data'!G11/'Global raw data'!C11 -> 0.11466088 | F13: ='Global raw data'!H11 -> 0.33116769 | G13: ='Global raw data'!I11 -> 0.40387481 | H13: ='Global raw data'!J11 -> 0.52399097 | I13: ='Global raw data'!K11 -> 0.0095238095 | J13: ='Global raw data'!L11 -> 0.095829992 | K13: ='Global raw data'!M11 -> 0.15529945 | L13: ='Global raw data'!N11 -> -0.0076977401 | M13: ='Global raw data'!O11 -> 0.072173216 | N13: ='Global raw data'!P11 -> 0.11357295
A14: ='Global raw data'!A12 -> Broadcasting | B14: ='Global raw data'!B12 -> 127 | C14: ='Global raw data'!D12/'Global raw data'!C12 -> 0.35734661 | D14: ='Global raw data'!F12/'Global raw data'!C12 -> 0.099740779 | E14: ='Global raw data'!G12/'Global raw data'!C12 -> 0.034260309 | F14: ='Global raw data'!H12 -> 0.19600726 | G14: ='Global raw data'!I12 -> 0.33002121 | H14: ='Global raw data'!J12 -> 0.44665561 | I14: ='Global raw data'!K12 -> -0.056 | J14: ='Global raw data'!L12 -> 0.059143969 | K14: ='Global raw data'!M12 -> 0.11553857 | L14: ='Global raw data'!N12 -> -0.10360477 | M14: ='Global raw data'!O12 -> 0.022787879 | N14: ='Global raw data'!P12 -> 0.091428571
A15: ='Global raw data'!A13 -> Brokerage & Investment Banking | B15: ='Global raw data'!B13 -> 623 | C15: ='Global raw data'!D13/'Global raw data'!C13 -> 0.55084821 | D15: ='Global raw data'!F13/'Global raw data'!C13 -> 0.0089533084 | E15: ='Global raw data'!G13/'Global raw data'!C13 -> 0.15240559 | F15: ='Global raw data'!H13 -> 0.54960838 | G15: ='Global raw data'!I13 -> 0.88127295 | H15: ='Global raw data'!J13 -> 0.98224852 | I15: ='Global raw data'!K13 -> 0 | J15: ='Global raw data'!L13 -> 0 | K15: ='Global raw data'!M13 -> 0.00025443717 | L15: ='Global raw data'!N13 -> 0.0046303302 | M15: ='Global raw data'!O13 -> 0.15145503 | N15: ='Global raw data'!P13 -> 0.31156463
... A97: ='Global raw data'!A95 -> Utility (Water) | B97: ='Global raw data'!B95 -> 106 | C97: ='Global raw data'!D95/'Global raw data'!C95 -> 0.46832592 | D97: ='Global raw data'!F95/'Global raw data'!C95 -> 0.26586073 | E97: ='Global raw data'!G95/'Global raw data'!C95 -> 0.14843632 | F97: ='Global raw data'!H95 -> 0.28544061 | G97: ='Global raw data'!I95 -> 0.38459054 | H97: ='Global raw data'!J95 -> 0.53530685 | I97: ='Global raw data'!K95 -> 0.053398058 | J97: ='Global raw data'!L95 -> 0.22417778 | K97: ='Global raw data'!M95 -> 0.29970012 | L97: ='Global raw data'!N95 -> 0.033815029 | M97: ='Global raw data'!O95 -> 0.10350584 | N97: ='Global raw data'!P95 -> 0.19941349
A98: All firms | B98: =SUM(B4:B97) -> 48156 | C98: ='Global raw data'!D96/'Global raw data'!C96 -> 0.33882646 | D98: ='Global raw data'!F96/'Global raw data'!C96 -> 0.10547375 | E98: ='Global raw data'!G96/'Global raw data'!C96 -> 0.084894424 | F98: ='Global raw data'!H96 -> 0.16906475 | G98: ='Global raw data'!I96 -> 0.3188714 | H98: ='Global raw data'!J96 -> 0.5609373 | I98: ='Global raw data'!K96 -> -0.011494253 | J98: ='Global raw data'!L96 -> 0.046722365 | K98: ='Global raw data'!M96 -> 0.12907369 | L98: ='Global raw data'!N96 -> -0.032713178 | M98: ='Global raw data'!O96 -> 0.03968254 | N98: ='Global raw data'!P96 -> 0.11926606
